Connexion

TAMPA BAY Lightning vs TORONTO Maple Leafs

Created - 26 octobre 2023 at 05:53

Goals
1 2 3 T
TAMPA BAY Lightning 2 2 2 6
TORONTO Maple Leafs 0 1 0 1
Shots
1 2 3 T
TAMPA BAY Lightning 14 6 26 46
TORONTO Maple Leafs 7 17 7 31

GoalsPenalties
1st period
1. TAMPA BAY Lightning , Artem Zub 6 (Oskar Sundqvist 7, Rasmus Asplund 16) at 2:36 (PP)
2. TAMPA BAY Lightning , Adam Henrique 14 (Josh Mahura 12) at 8:38
Jack Mcbain (TOR) for Roughing (Minor) at 1:39
Jack Mcbain (TOR) for Hooking (Minor) at 13:13
Ryan Lindgren (T.B) for Boarding (Minor) at 13:13
2nd period
3. TAMPA BAY Lightning , Lawson Crouse 12 (Ivan Provorov 32, Evander Kane 19) at 0:10
4. TORONTO Maple Leafs , Mason Marchment 9 (Corey Perry 7, Alex Goligoski 4) at 6:51 (PP)
5. TAMPA BAY Lightning , Peter Cehlarik 4 (Adam Henrique 13, Kent Johnson 12) at 9:57
Marco Scandella (T.B) for Hooking (Minor) at 6:03
Martin Fehervary (T.B) for Hooking (Minor) at 10:34
Ryan Lindgren (T.B) for Holding (Minor) at 18:49
3rd period
6. TAMPA BAY Lightning , Anders Lee 12 (Martin Fehervary 4, Rasmus Asplund 17) at 3:52
7. TAMPA BAY Lightning , Artem Zub 7 (Anders Lee 20, Rasmus Asplund 18) at 7:39
Jack Mcbain (TOR) for Roughing (Minor) at 4:32
Kent Johnson (T.B) for Holding (Minor) at 17:13
Goalie Stats
Martin Jones (T.B), 30 saves from 31 shots - (0,968), W, 18-14-1, 60:00 minutes
Keith Kinkaid (TOR), 14 saves from 18 shots - (0,778), L, 2-7-2, 29:57 minutes
Carter Hart (TOR), 26 saves from 28 shots - (0,929), 30:03 minutes
3 StarsOfficial
1 - Artem Zub (T.B)
2 - Adam Henrique (T.B)
3 - Anders Lee (T.B)
Referees : Brad Watson and Kerry Fraser
Linesman : Lonnie Cameron and Scott Driscoll
Game Note
Carter Hart enters game at 9:57 of 2nd period
Finance
Level 1 -- Attendance: 5466 (91,10%) -- Ticket Income 710 580 $
Level 2 -- Attendance: 5645 (97,01%) -- Ticket Income 423 375 $
Level 3 -- Attendance: 1946 (97,30%) -- Ticket Income 97 300 $
Level 4 -- Attendance: 4000 (100,00%) -- Ticket Income 120 000 $
Luxury Box -- Attendance: 1000 (100,00%) -- Ticket Income 260 000 $
Game was played at the Air Canada Centre.
Total Attendance: 18057 (95,95%)
Total Ticket Income: 1 611 255 $
Other Income: 322 251 $
Total Income: 1 933 506 $



Team Name Goals Shots Shots Attemp Shots Blocked PIM HIT PP PK FO%
TAMPA BAY Lightning 64679610281 / 2 (50%)151%
TORONTO Maple Leafs 13151116191 / 4 (25%)149%

TAMPA BAY Lightning
Player Name POS G A P +/- PIM HIT SHT SB MP PP MP PP SHT PK MP PK SHT FO% FOT
Adam HenriqueC/LW1122014113:580:0000:00055% 20
Anders LeeC/LW1122016019:280:5211:31033% 3
Artem ZubD2022013021:260:5222:2400% 0
Cole SillingerC000000000:000:0000:0000% 0
Denis MalginC/LW/RW000000001:550:0000:0000% 0
Evander KaneC/LW/RW0111025024:392:0435:140100% 1
Evgeny KuznetsovC0001013126:342:0425:14056% 39
Ivan ProvorovD0111032124:512:0414:2100% 0
Jesperi KotkaniemiC/LW000000001:550:0000:0000% 2
Josh MahuraD0112020013:430:0000:0000% 0
Kent JohnsonC/LW0112227113:570:0000:0000% 0
Lawson CrouseLW/RW1011033018:062:0410:00050% 2
Marco ScandellaD0001221124:052:0413:3600% 0
Martin FehervaryD0112230020:310:5201:3000% 0
Oskar SundqvistC0112042019:280:5201:31243% 28
Peter CehlarikLW/RW1012002013:580:0000:000100% 1
Rasmus AsplundC/RW0332005017:170:5210:0000% 0
Ryan LindgrenD0002433115:200:0001:3900% 0
TORONTO Maple Leafs
Player Name POS G A P +/- PIM HIT SHT SB MP PP MP PP SHT PK MP PK SHT FO% FOT
Alex DebrincatC/LW/RW000-2006026:223:3402:37067% 3
Alex GoligoskiD011-2011622:343:1301:0200% 0
Brady TkachukLW000-2024014:460:0000:0000% 0
Brett GallantLW000001004:490:0000:0000% 0
Chad RuhwedelD000-3043023:033:3221:0200% 0
Christopher WagnerC/RW000000000:000:0000:0000% 0
Corey PerryRW011-1002018:053:1100:00050% 2
Derick BrassardC/LW/RW000000004:430:0000:00043% 7
Dominik KahunC/LW/RW000-1001110:110:0000:0000% 1
Drew DoughtyD0000020011:590:0000:0000% 0
Jack McbainC000-1631010:080:0000:00050% 10
Jake MuzzinD0000011119:473:1301:5400% 0
Jakub VranaLW/RW000-2012019:073:3400:190100% 1
Jonathan HuberdeauC/LW000-2021021:453:1100:000100% 1
Jordan KyrouC/RW000-2011126:223:3402:37048% 42
Mason MarchmentC/LW101-2013118:443:1110:19048% 29
Quinn HughesD000-3005025:273:3231:5400% 0
Sebastian AhoD000-2000117:100:0000:0000% 0



Play-by-Play

1st period


0:01 of 1st period - Evgeny Kuznetsov wins face-off versus Alex Debrincat in neutral zone.
0:32 of 1st period - Off-side.
0:33 of 1st period - Oskar Sundqvist wins face-off versus Mason Marchment in neutral zone.
1:33 of 1st period - Icing by Ryan Lindgren.
1:34 of 1st period - Adam Henrique wins face-off versus Corey Perry in TAMPA BAY Lightning zone.
1:39 of 1st period - Minor Penalty to Jack Mcbain for Roughing.
1:40 of 1st period - Evgeny Kuznetsov wins face-off versus Jordan Kyrou in TORONTO Maple Leafs zone.
2:13 of 1st period - Shot by Lawson Crouse.
2:13 of 1st period - Deflect By Evgeny Kuznetsov.
2:13 of 1st period - Stopped by Keith Kinkaid with a rebound.
2:15 of 1st period - Shot by Lawson Crouse.
2:15 of 1st period - Deflect By Evander Kane.
2:15 of 1st period - Stopped by Keith Kinkaid with a rebound.
2:17 of 1st period - Shot by Marco Scandella.
2:17 of 1st period - Stopped by Keith Kinkaid with a rebound.
2:19 of 1st period - Shot by Evander Kane.
2:19 of 1st period - Stopped by Keith Kinkaid without a rebound.
2:20 of 1st period - Mason Marchment wins face-off versus Oskar Sundqvist in TORONTO Maple Leafs zone.
2:32 of 1st period - Shot by Oskar Sundqvist.
2:32 of 1st period - Shot Misses the Net.
2:36 of 1st period - Shot by Artem Zub.
2:36 of 1st period - Goal by Artem Zub - TAMPA BAY Lightning : 1 - TORONTO Maple Leafs : 0.
2:37 of 1st period - Adam Henrique wins face-off versus Jack Mcbain in neutral zone.
3:11 of 1st period - Ryan Lindgren is hit by Jack Mcbain and loses puck.
3:46 of 1st period - Shot by Alex Debrincat.
3:46 of 1st period - Stopped by Martin Jones without a rebound.
3:47 of 1st period - Mason Marchment wins face-off versus Oskar Sundqvist in TAMPA BAY Lightning zone.
3:52 of 1st period - Shot by Mason Marchment.
3:52 of 1st period - Deflect By Brady Tkachuk.
3:52 of 1st period - Stopped by Martin Jones with a rebound.
3:55 of 1st period - Icing by Martin Fehervary.
3:56 of 1st period - Jordan Kyrou wins face-off versus Oskar Sundqvist in TAMPA BAY Lightning zone.
4:15 of 1st period - Quinn Hughes is hit by Oskar Sundqvist and loses puck.
4:45 of 1st period - Jordan Kyrou is hit by Artem Zub and loses puck.
5:32 of 1st period - Sebastian Aho is hit by Lawson Crouse.
5:55 of 1st period - Icing by Brett Gallant.
5:56 of 1st period - Adam Henrique wins face-off versus Derick Brassard in TORONTO Maple Leafs zone.
5:59 of 1st period - Shot by Kent Johnson.
5:59 of 1st period - Stopped by Keith Kinkaid without a rebound.
6:00 of 1st period - Peter Cehlarik wins face-off versus Mason Marchment in TORONTO Maple Leafs zone.
6:41 of 1st period - Shot by Kent Johnson.
6:41 of 1st period - Stopped by Keith Kinkaid without a rebound.
6:42 of 1st period - Evgeny Kuznetsov wins face-off versus Jordan Kyrou in TORONTO Maple Leafs zone.
6:46 of 1st period - Evgeny Kuznetsov is hit by Chad Ruhwedel and loses puck.
7:02 of 1st period - Jonathan Huberdeau is hit by Marco Scandella and loses puck.
7:21 of 1st period - Shot by Jordan Kyrou.
7:21 of 1st period - Shot Blocked by Ivan Provorov.
7:41 of 1st period - Dominik Kahun is hit by Martin Fehervary and loses puck.
8:38 of 1st period - Shot by Adam Henrique.
8:38 of 1st period - Goal by Adam Henrique - TAMPA BAY Lightning : 2 - TORONTO Maple Leafs : 0.
8:39 of 1st period - Jordan Kyrou wins face-off versus Jesperi Kotkaniemi in neutral zone.
9:12 of 1st period - Drew Doughty is hit by Evgeny Kuznetsov.
10:00 of 1st period - Shot by Adam Henrique.
10:00 of 1st period - Stopped by Keith Kinkaid without a rebound.
10:01 of 1st period - Derick Brassard wins face-off versus Oskar Sundqvist in TORONTO Maple Leafs zone.
10:01 of 1st period - Derick Brassard is hit by Oskar Sundqvist.
10:04 of 1st period - Icing by Chad Ruhwedel.
10:05 of 1st period - Oskar Sundqvist wins face-off versus Derick Brassard in TORONTO Maple Leafs zone.
10:12 of 1st period - Shot by Anders Lee.
10:12 of 1st period - Shot Misses the Net.
10:33 of 1st period - Icing by Quinn Hughes.
10:34 of 1st period - Adam Henrique wins face-off versus Derick Brassard in TORONTO Maple Leafs zone.
10:47 of 1st period - Ivan Provorov is hit by Brett Gallant and loses puck.
11:18 of 1st period - Shot by Mason Marchment.
11:18 of 1st period - Stopped by Martin Jones without a rebound.
11:19 of 1st period - Evgeny Kuznetsov wins face-off versus Jordan Kyrou in TAMPA BAY Lightning zone.
11:46 of 1st period - Shot by Jordan Kyrou.
11:46 of 1st period - Shot Misses the Net.
12:03 of 1st period - Jordan Kyrou is hit by Martin Fehervary and loses puck.
12:27 of 1st period - Shot by Jake Muzzin.
12:27 of 1st period - Stopped by Martin Jones without a rebound.
12:28 of 1st period - Jack Mcbain wins face-off versus Oskar Sundqvist in TAMPA BAY Lightning zone.
12:56 of 1st period - Icing by Quinn Hughes.
12:57 of 1st period - Jack Mcbain wins face-off versus Adam Henrique in TORONTO Maple Leafs zone.
13:10 of 1st period - Shot by Corey Perry.
13:10 of 1st period - Shot Blocked by Ryan Lindgren.
13:13 of 1st period - Minor Penalty to Jack Mcbain for Hooking.
13:13 of 1st period - Minor Penalty to Ryan Lindgren for Boarding.
13:14 of 1st period - Evgeny Kuznetsov wins face-off versus Jordan Kyrou in TAMPA BAY Lightning zone.
13:40 of 1st period - Evgeny Kuznetsov is hit by Jordan Kyrou and loses puck.
14:17 of 1st period - Shot by Oskar Sundqvist.
14:17 of 1st period - Shot Misses the Net.
14:27 of 1st period - Shot by Jakub Vrana.
14:27 of 1st period - Shot Misses the Net.
14:29 of 1st period - Shot by Chad Ruhwedel.
14:29 of 1st period - Shot Misses the Net.
14:31 of 1st period - Shot by Chad Ruhwedel.
14:31 of 1st period - Stopped by Martin Jones without a rebound.
14:32 of 1st period - Evander Kane wins face-off versus Jordan Kyrou in TAMPA BAY Lightning zone.
14:34 of 1st period - Icing by Evgeny Kuznetsov.
14:35 of 1st period - Evgeny Kuznetsov wins face-off versus Jordan Kyrou in TAMPA BAY Lightning zone.
15:22 of 1st period - Shot by Kent Johnson.
15:22 of 1st period - Shot Blocked by Jake Muzzin.
15:54 of 1st period - Shot by Mason Marchment.
15:54 of 1st period - Stopped by Martin Jones without a rebound.
15:55 of 1st period - Jack Mcbain wins face-off versus Anders Lee in TAMPA BAY Lightning zone.
16:15 of 1st period - Anders Lee is hit by Alex Goligoski and loses puck.
16:18 of 1st period - Shot by Rasmus Asplund.
16:18 of 1st period - Shot Misses the Net.
16:23 of 1st period - Shot by Rasmus Asplund.
16:23 of 1st period - Stopped by Keith Kinkaid without a rebound.
16:24 of 1st period - Evgeny Kuznetsov wins face-off versus Jordan Kyrou in TORONTO Maple Leafs zone.
16:30 of 1st period - Icing by Jordan Kyrou.
16:31 of 1st period - Jordan Kyrou wins face-off versus Evgeny Kuznetsov in TORONTO Maple Leafs zone.
17:07 of 1st period - Lawson Crouse is hit by Jonathan Huberdeau and loses puck.
17:33 of 1st period - Icing by Brady Tkachuk.
17:34 of 1st period - Oskar Sundqvist wins face-off versus Mason Marchment in TORONTO Maple Leafs zone.
17:37 of 1st period - Shot by Anders Lee.
17:37 of 1st period - Stopped by Keith Kinkaid without a rebound.
17:38 of 1st period - Mason Marchment wins face-off versus Oskar Sundqvist in TORONTO Maple Leafs zone.
17:47 of 1st period - Shot by Brady Tkachuk.
17:47 of 1st period - Stopped by Martin Jones without a rebound.
17:48 of 1st period - Oskar Sundqvist wins face-off versus Dominik Kahun in TAMPA BAY Lightning zone.
17:48 of 1st period - Oskar Sundqvist is hit by Jack Mcbain.
18:50 of 1st period - Icing by Evander Kane.
18:51 of 1st period - Jordan Kyrou wins face-off versus Lawson Crouse in TAMPA BAY Lightning zone.
19:24 of 1st period - Shot by Evander Kane.
19:24 of 1st period - Stopped by Keith Kinkaid without a rebound.
19:25 of 1st period - Mason Marchment wins face-off versus Adam Henrique in TORONTO Maple Leafs zone.
19:36 of 1st period - Shot by Kent Johnson.
19:36 of 1st period - Stopped by Keith Kinkaid with a rebound.
19:38 of 1st period - Shot by Adam Henrique.
19:38 of 1st period - Stopped by Keith Kinkaid without a rebound.
19:39 of 1st period - Mason Marchment wins face-off versus Oskar Sundqvist in TORONTO Maple Leafs zone.
Goals for this period are 2 for TAMPA BAY Lightning vs 0 for TORONTO Maple Leafs.
Shots for this period are 14 for TAMPA BAY Lightning vs 7 for TORONTO Maple Leafs.

2nd period


0:01 of 2nd period - Evgeny Kuznetsov wins face-off versus Jordan Kyrou in neutral zone.
0:03 of 2nd period - Evander Kane is hit by Chad Ruhwedel and loses puck.
0:06 of 2nd period - Shot by Lawson Crouse.
0:06 of 2nd period - Stopped by Keith Kinkaid with a rebound.
0:08 of 2nd period - Shot by Ivan Provorov.
0:08 of 2nd period - Shot Misses the Net.
0:10 of 2nd period - Shot by Lawson Crouse.
0:10 of 2nd period - Goal by Lawson Crouse - TAMPA BAY Lightning : 3 - TORONTO Maple Leafs : 0.
0:11 of 2nd period - Evgeny Kuznetsov wins face-off versus Mason Marchment in neutral zone.
0:11 of 2nd period - Ivan Provorov is hit by Brady Tkachuk and loses puck.
0:31 of 2nd period - Lawson Crouse is hit by Brady Tkachuk and loses puck.
2:09 of 2nd period - Quinn Hughes is hit by Martin Fehervary and loses puck.
2:54 of 2nd period - Shot by Brady Tkachuk.
2:54 of 2nd period - Shot Misses the Net.
2:56 of 2nd period - Shot by Brady Tkachuk.
2:56 of 2nd period - Stopped by Martin Jones without a rebound.
2:57 of 2nd period - Jordan Kyrou wins face-off versus Evgeny Kuznetsov in TAMPA BAY Lightning zone.
2:58 of 2nd period - Shot by Alex Debrincat.
2:58 of 2nd period - Deflect By Jonathan Huberdeau.
2:58 of 2nd period - Stopped by Martin Jones without a rebound.
2:59 of 2nd period - Jordan Kyrou wins face-off versus Evgeny Kuznetsov in TAMPA BAY Lightning zone.
3:21 of 2nd period - Icing by Marco Scandella.
3:22 of 2nd period - Mason Marchment wins face-off versus Evgeny Kuznetsov in TAMPA BAY Lightning zone.
3:29 of 2nd period - Shot by Jakub Vrana.
3:29 of 2nd period - Stopped by Martin Jones without a rebound.
3:30 of 2nd period - Oskar Sundqvist wins face-off versus Jordan Kyrou in TAMPA BAY Lightning zone.
4:49 of 2nd period - Shot by Evander Kane.
4:49 of 2nd period - Shot Blocked by Sebastian Aho.
4:51 of 2nd period - Shot by Ivan Provorov.
4:51 of 2nd period - Stopped by Keith Kinkaid without a rebound.
4:52 of 2nd period - Adam Henrique wins face-off versus Jack Mcbain in TORONTO Maple Leafs zone.
4:55 of 2nd period - Shot by Peter Cehlarik.
4:55 of 2nd period - Shot Misses the Net.
5:14 of 2nd period - Shot by Adam Henrique.
5:14 of 2nd period - Shot Misses the Net.
5:17 of 2nd period - Icing by Jack Mcbain.
5:18 of 2nd period - Jack Mcbain wins face-off versus Evgeny Kuznetsov in TORONTO Maple Leafs zone.
5:38 of 2nd period - Off-side.
5:39 of 2nd period - Alex Debrincat wins face-off versus Adam Henrique in neutral zone.
5:48 of 2nd period - Shot by Alex Debrincat.
5:48 of 2nd period - Stopped by Martin Jones with a rebound.
5:50 of 2nd period - Shot by Chad Ruhwedel.
5:50 of 2nd period - Shot Misses the Net.
5:52 of 2nd period - Shot by Quinn Hughes.
5:52 of 2nd period - Stopped by Martin Jones without a rebound.
5:53 of 2nd period - Jakub Vrana wins face-off versus Evgeny Kuznetsov in TAMPA BAY Lightning zone.
5:54 of 2nd period - Shot by Brady Tkachuk.
5:54 of 2nd period - Stopped by Martin Jones with a rebound.
5:56 of 2nd period - Shot by Alex Goligoski.
5:56 of 2nd period - Stopped by Martin Jones with a rebound.
5:59 of 2nd period - Mason Marchment is hit by Ivan Provorov and loses puck.
6:03 of 2nd period - Minor Penalty to Marco Scandella for Hooking.
6:04 of 2nd period - Jordan Kyrou wins face-off versus Evgeny Kuznetsov in TAMPA BAY Lightning zone.
6:20 of 2nd period - Icing by Alex Debrincat.
6:21 of 2nd period - Evgeny Kuznetsov wins face-off versus Jordan Kyrou in TORONTO Maple Leafs zone.
6:21 of 2nd period - Evgeny Kuznetsov is hit by Chad Ruhwedel.
6:33 of 2nd period - Shot by Quinn Hughes.
6:33 of 2nd period - Stopped by Martin Jones without a rebound.
6:34 of 2nd period - Evgeny Kuznetsov wins face-off versus Mason Marchment in TAMPA BAY Lightning zone.
6:49 of 2nd period - Shot by Corey Perry.
6:49 of 2nd period - Shot Misses the Net.
6:51 of 2nd period - Shot by Mason Marchment.
6:51 of 2nd period - Goal by Mason Marchment - TAMPA BAY Lightning : 3 - TORONTO Maple Leafs : 1.
6:52 of 2nd period - Oskar Sundqvist wins face-off versus Jordan Kyrou in neutral zone.
6:57 of 2nd period - Quinn Hughes is hit by Oskar Sundqvist and loses puck.
8:16 of 2nd period - Shot by Jakub Vrana.
8:16 of 2nd period - Shot Misses the Net.
8:27 of 2nd period - Off-side.
8:28 of 2nd period - Jack Mcbain wins face-off versus Adam Henrique in neutral zone.
8:35 of 2nd period - Shot by Dominik Kahun.
8:35 of 2nd period - Shot Blocked by Adam Henrique.
8:39 of 2nd period - Shot by Corey Perry.
8:39 of 2nd period - Stopped by Martin Jones without a rebound.
8:40 of 2nd period - Evgeny Kuznetsov wins face-off versus Derick Brassard in TAMPA BAY Lightning zone.
9:37 of 2nd period - Shot by Alex Debrincat.
9:37 of 2nd period - Stopped by Martin Jones without a rebound.
9:38 of 2nd period - Adam Henrique wins face-off versus Mason Marchment in TAMPA BAY Lightning zone.
9:57 of 2nd period - Shot by Peter Cehlarik.
9:57 of 2nd period - Goal by Peter Cehlarik - TAMPA BAY Lightning : 4 - TORONTO Maple Leafs : 1.
9:57 of 2nd period - Carter Hart enters game.
9:58 of 2nd period - Jordan Kyrou wins face-off versus Oskar Sundqvist in neutral zone.
10:34 of 2nd period - Minor Penalty to Martin Fehervary for Hooking.
10:35 of 2nd period - Mason Marchment wins face-off versus Evgeny Kuznetsov in TAMPA BAY Lightning zone.
10:54 of 2nd period - Shot by Corey Perry.
10:54 of 2nd period - Shot Blocked by Evgeny Kuznetsov.
10:56 of 2nd period - Shot by Chad Ruhwedel.
10:56 of 2nd period - Shot Blocked by Marco Scandella.
11:02 of 2nd period - Shot by Quinn Hughes.
11:02 of 2nd period - Stopped by Martin Jones without a rebound.
11:03 of 2nd period - Jordan Kyrou wins face-off versus Evgeny Kuznetsov in TAMPA BAY Lightning zone.
12:07 of 2nd period - Icing by Chad Ruhwedel.
12:08 of 2nd period - Mason Marchment wins face-off versus Oskar Sundqvist in TORONTO Maple Leafs zone.
12:17 of 2nd period - Shot by Quinn Hughes.
12:17 of 2nd period - Stopped by Martin Jones without a rebound.
12:18 of 2nd period - Mason Marchment wins face-off versus Oskar Sundqvist in TAMPA BAY Lightning zone.
12:23 of 2nd period - Shot by Chad Ruhwedel.
12:23 of 2nd period - Stopped by Martin Jones with a rebound.
12:30 of 2nd period - Icing by Chad Ruhwedel.
12:31 of 2nd period - Evgeny Kuznetsov wins face-off versus Mason Marchment in TORONTO Maple Leafs zone.
12:31 of 2nd period - Evgeny Kuznetsov is hit by Chad Ruhwedel.
13:15 of 2nd period - Icing by Ryan Lindgren.
13:16 of 2nd period - Jordan Kyrou wins face-off versus Adam Henrique in TAMPA BAY Lightning zone.
13:16 of 2nd period - Jonathan Huberdeau is hit by Josh Mahura and loses puck.
13:25 of 2nd period - Shot by Quinn Hughes.
13:25 of 2nd period - Deflect By Alex Debrincat.
13:25 of 2nd period - Stopped by Martin Jones with a rebound.
13:31 of 2nd period - Shot by Jordan Kyrou.
13:31 of 2nd period - Shot Misses the Net.
13:33 of 2nd period - Shot by Chad Ruhwedel.
13:33 of 2nd period - Shot Blocked by Kent Johnson.
13:35 of 2nd period - Shot by Quinn Hughes.
13:35 of 2nd period - Stopped by Martin Jones with a rebound.
13:58 of 2nd period - Marco Scandella is hit by Jonathan Huberdeau and loses puck.
14:16 of 2nd period - Evander Kane is hit by Drew Doughty and loses puck.
14:26 of 2nd period - Dominik Kahun is hit by Marco Scandella and loses puck.
14:39 of 2nd period - Shot by Jack Mcbain.
14:39 of 2nd period - Stopped by Martin Jones without a rebound.
14:40 of 2nd period - Mason Marchment wins face-off versus Anders Lee in TAMPA BAY Lightning zone.
14:44 of 2nd period - Icing by Artem Zub.
14:45 of 2nd period - Oskar Sundqvist wins face-off versus Mason Marchment in TAMPA BAY Lightning zone.
15:58 of 2nd period - Shot by Adam Henrique.
15:58 of 2nd period - Shot Misses the Net.
16:00 of 2nd period - Shot by Ryan Lindgren.
16:00 of 2nd period - Shot Misses the Net.
16:02 of 2nd period - Shot by Ryan Lindgren.
16:02 of 2nd period - Stopped by Carter Hart with a rebound.
16:04 of 2nd period - Shot by Ryan Lindgren.
16:04 of 2nd period - Stopped by Carter Hart without a rebound.
16:05 of 2nd period - Evgeny Kuznetsov wins face-off versus Jordan Kyrou in TORONTO Maple Leafs zone.
16:08 of 2nd period - Shot by Ivan Provorov.
16:08 of 2nd period - Shot Misses the Net.
16:24 of 2nd period - Jonathan Huberdeau is hit by Lawson Crouse and loses puck.
17:11 of 2nd period - Icing by Evander Kane.
17:12 of 2nd period - Derick Brassard wins face-off versus Evgeny Kuznetsov in TAMPA BAY Lightning zone.
18:01 of 2nd period - Shot by Rasmus Asplund.
18:01 of 2nd period - Shot Misses the Net.
18:04 of 2nd period - Icing by Alex Goligoski.
18:05 of 2nd period - Adam Henrique wins face-off versus Jordan Kyrou in TORONTO Maple Leafs zone.
18:13 of 2nd period - Jonathan Huberdeau is hit by Josh Mahura and loses puck.
18:17 of 2nd period - Sebastian Aho is hit by Ryan Lindgren and loses puck.
18:23 of 2nd period - Icing by Josh Mahura.
18:24 of 2nd period - Mason Marchment wins face-off versus Adam Henrique in TAMPA BAY Lightning zone.
18:24 of 2nd period - Mason Marchment is hit by Ryan Lindgren.
18:39 of 2nd period - Mason Marchment is hit by Ryan Lindgren and loses puck.
18:42 of 2nd period - Shot by Mason Marchment.
18:42 of 2nd period - Shot Misses the Net.
18:44 of 2nd period - Shot by Jakub Vrana.
18:44 of 2nd period - Shot Misses the Net.
18:49 of 2nd period - Minor Penalty to Ryan Lindgren for Holding.
18:50 of 2nd period - Jordan Kyrou wins face-off versus Evgeny Kuznetsov in TAMPA BAY Lightning zone.
19:36 of 2nd period - Icing by Alex Debrincat.
19:37 of 2nd period - Oskar Sundqvist wins face-off versus Jordan Kyrou in TORONTO Maple Leafs zone.
Goals for this period are 2 for TAMPA BAY Lightning vs 1 for TORONTO Maple Leafs.
Shots for this period are 6 for TAMPA BAY Lightning vs 17 for TORONTO Maple Leafs.

3rd period


0:01 of 3rd period - Evgeny Kuznetsov wins face-off versus Jordan Kyrou in neutral zone.
0:01 of 3rd period - Ivan Provorov is hit by Jakub Vrana and loses puck.
0:28 of 3rd period - Shot by Chad Ruhwedel.
0:28 of 3rd period - Stopped by Martin Jones without a rebound.
0:29 of 3rd period - Evgeny Kuznetsov wins face-off versus Mason Marchment in TAMPA BAY Lightning zone.
0:38 of 3rd period - Ivan Provorov is hit by Mason Marchment and loses puck.
1:03 of 3rd period - Shot by Oskar Sundqvist.
1:03 of 3rd period - Deflect By Anders Lee.
1:03 of 3rd period - Stopped by Carter Hart without a rebound.
1:04 of 3rd period - Adam Henrique wins face-off versus Jordan Kyrou in TORONTO Maple Leafs zone.
1:09 of 3rd period - Shot by Kent Johnson.
1:09 of 3rd period - Deflect By Adam Henrique.
1:09 of 3rd period - Shot Blocked by Alex Goligoski.
1:11 of 3rd period - Shot by Peter Cehlarik.
1:11 of 3rd period - Stopped by Carter Hart with a rebound.
1:13 of 3rd period - Shot by Kent Johnson.
1:13 of 3rd period - Stopped by Carter Hart with a rebound.
1:23 of 3rd period - Shot by Adam Henrique.
1:23 of 3rd period - Shot Blocked by Alex Goligoski.
1:25 of 3rd period - Shot by Josh Mahura.
1:25 of 3rd period - Shot Misses the Net.
1:27 of 3rd period - Shot by Josh Mahura.
1:27 of 3rd period - Deflect By Kent Johnson.
1:27 of 3rd period - Stopped by Carter Hart with a rebound.
1:29 of 3rd period - Shot by Kent Johnson.
1:29 of 3rd period - Shot Misses the Net.
1:35 of 3rd period - Shot by Kent Johnson.
1:35 of 3rd period - Shot Misses the Net.
1:37 of 3rd period - Shot by Adam Henrique.
1:37 of 3rd period - Shot Misses the Net.
1:39 of 3rd period - Shot by Adam Henrique.
1:39 of 3rd period - Shot Misses the Net.
1:41 of 3rd period - Shot by Kent Johnson.
1:41 of 3rd period - Shot Blocked by Alex Goligoski.
1:43 of 3rd period - Shot by Ryan Lindgren.
1:43 of 3rd period - Stopped by Carter Hart with a rebound.
2:05 of 3rd period - Shot by Evgeny Kuznetsov.
2:05 of 3rd period - Shot Blocked by Alex Goligoski.
2:15 of 3rd period - Shot by Evander Kane.
2:15 of 3rd period - Stopped by Carter Hart without a rebound.
2:16 of 3rd period - Mason Marchment wins face-off versus Oskar Sundqvist in TORONTO Maple Leafs zone.
2:46 of 3rd period - Icing by Quinn Hughes.
2:47 of 3rd period - Evgeny Kuznetsov wins face-off versus Mason Marchment in TORONTO Maple Leafs zone.
3:30 of 3rd period - Shot by Evgeny Kuznetsov.
3:30 of 3rd period - Shot Blocked by Dominik Kahun.
3:32 of 3rd period - Shot by Evgeny Kuznetsov.
3:32 of 3rd period - Stopped by Carter Hart without a rebound.
3:33 of 3rd period - Jordan Kyrou wins face-off versus Oskar Sundqvist in TORONTO Maple Leafs zone.
3:48 of 3rd period - Shot by Rasmus Asplund.
3:48 of 3rd period - Shot Misses the Net.
3:52 of 3rd period - Shot by Anders Lee.
3:52 of 3rd period - Goal by Anders Lee - TAMPA BAY Lightning : 5 - TORONTO Maple Leafs : 1.
3:53 of 3rd period - Adam Henrique wins face-off versus Jack Mcbain in neutral zone.
4:00 of 3rd period - Shot by Adam Henrique.
4:00 of 3rd period - Shot Misses the Net.
4:10 of 3rd period - Ryan Lindgren is hit by Jack Mcbain and loses puck.
4:26 of 3rd period - Josh Mahura is hit by Drew Doughty and loses puck.
4:32 of 3rd period - Minor Penalty to Jack Mcbain for Roughing.
4:33 of 3rd period - Jordan Kyrou wins face-off versus Evgeny Kuznetsov in TORONTO Maple Leafs zone.
5:08 of 3rd period - Shot by Ivan Provorov.
5:08 of 3rd period - Stopped by Carter Hart without a rebound.
5:09 of 3rd period - Anders Lee wins face-off versus Jordan Kyrou in TORONTO Maple Leafs zone.
5:14 of 3rd period - Shot by Rasmus Asplund.
5:14 of 3rd period - Stopped by Carter Hart without a rebound.
5:15 of 3rd period - Jordan Kyrou wins face-off versus Oskar Sundqvist in TORONTO Maple Leafs zone.
5:30 of 3rd period - Shot by Anders Lee.
5:30 of 3rd period - Stopped by Carter Hart without a rebound.
5:31 of 3rd period - Evgeny Kuznetsov wins face-off versus Jordan Kyrou in TORONTO Maple Leafs zone.
5:34 of 3rd period - Shot by Lawson Crouse.
5:34 of 3rd period - Stopped by Carter Hart without a rebound.
5:35 of 3rd period - Lawson Crouse wins face-off versus Jordan Kyrou in TORONTO Maple Leafs zone.
5:36 of 3rd period - Shot by Evander Kane.
5:36 of 3rd period - Stopped by Carter Hart without a rebound.
5:37 of 3rd period - Jordan Kyrou wins face-off versus Evgeny Kuznetsov in TORONTO Maple Leafs zone.
5:37 of 3rd period - Jordan Kyrou is hit by Lawson Crouse.
5:46 of 3rd period - Icing by Lawson Crouse.
5:47 of 3rd period - Evgeny Kuznetsov wins face-off versus Jordan Kyrou in TAMPA BAY Lightning zone.
6:00 of 3rd period - Shot by Evgeny Kuznetsov.
6:00 of 3rd period - Stopped by Carter Hart without a rebound.
6:01 of 3rd period - Oskar Sundqvist wins face-off versus Jordan Kyrou in TORONTO Maple Leafs zone.
6:01 of 3rd period - Oskar Sundqvist is hit by Jake Muzzin.
6:07 of 3rd period - Shot by Anders Lee.
6:07 of 3rd period - Shot Misses the Net.
6:11 of 3rd period - Shot by Artem Zub.
6:11 of 3rd period - Shot Misses the Net.
6:13 of 3rd period - Shot by Artem Zub.
6:13 of 3rd period - Stopped by Carter Hart without a rebound.
6:14 of 3rd period - Jordan Kyrou wins face-off versus Evgeny Kuznetsov in TORONTO Maple Leafs zone.
6:46 of 3rd period - Shot by Rasmus Asplund.
6:46 of 3rd period - Stopped by Carter Hart without a rebound.
6:47 of 3rd period - Mason Marchment wins face-off versus Evgeny Kuznetsov in TORONTO Maple Leafs zone.
6:47 of 3rd period - Mason Marchment is hit by Evander Kane.
7:11 of 3rd period - Icing by Quinn Hughes.
7:12 of 3rd period - Oskar Sundqvist wins face-off versus Mason Marchment in TORONTO Maple Leafs zone.
7:37 of 3rd period - Shot by Anders Lee.
7:37 of 3rd period - Stopped by Carter Hart with a rebound.
7:39 of 3rd period - Shot by Artem Zub.
7:39 of 3rd period - Goal by Artem Zub - TAMPA BAY Lightning : 6 - TORONTO Maple Leafs : 1.
7:40 of 3rd period - Evgeny Kuznetsov wins face-off versus Jordan Kyrou in neutral zone.
8:47 of 3rd period - Shot by Oskar Sundqvist.
8:47 of 3rd period - Shot Blocked by Jordan Kyrou.
8:49 of 3rd period - Shot by Anders Lee.
8:49 of 3rd period - Stopped by Carter Hart without a rebound.
8:50 of 3rd period - Mason Marchment wins face-off versus Adam Henrique in TORONTO Maple Leafs zone.
8:50 of 3rd period - Mason Marchment is hit by Adam Henrique.
9:00 of 3rd period - Shot by Mason Marchment.
9:00 of 3rd period - Shot Misses the Net.
9:34 of 3rd period - Shot by Jakub Vrana.
9:34 of 3rd period - Stopped by Martin Jones with a rebound.
10:16 of 3rd period - Shot by Dominik Kahun.
10:16 of 3rd period - Shot Misses the Net.
10:22 of 3rd period - Shot by Corey Perry.
10:22 of 3rd period - Stopped by Martin Jones without a rebound.
10:23 of 3rd period - Jordan Kyrou wins face-off versus Evgeny Kuznetsov in TAMPA BAY Lightning zone.
10:23 of 3rd period - Alex Debrincat is hit by Ivan Provorov and loses puck.
10:39 of 3rd period - Shot by Jordan Kyrou.
10:39 of 3rd period - Stopped by Martin Jones without a rebound.
10:40 of 3rd period - Derick Brassard wins face-off versus Oskar Sundqvist in TAMPA BAY Lightning zone.
11:00 of 3rd period - Icing by Artem Zub.
11:01 of 3rd period - Jonathan Huberdeau wins face-off versus Oskar Sundqvist in TAMPA BAY Lightning zone.
11:04 of 3rd period - Shot by Alex Debrincat.
11:04 of 3rd period - Stopped by Martin Jones with a rebound.
11:26 of 3rd period - Shot by Rasmus Asplund.
11:26 of 3rd period - Stopped by Carter Hart without a rebound.
11:27 of 3rd period - Evgeny Kuznetsov wins face-off versus Mason Marchment in TORONTO Maple Leafs zone.
11:28 of 3rd period - Shot by Evander Kane.
11:28 of 3rd period - Shot Blocked by Alex Goligoski.
11:55 of 3rd period - Mason Marchment is hit by Ivan Provorov.
12:31 of 3rd period - Quinn Hughes is hit by Kent Johnson.
12:41 of 3rd period - Shot by Alex Debrincat.
12:41 of 3rd period - Stopped by Martin Jones without a rebound.
12:42 of 3rd period - Oskar Sundqvist wins face-off versus Jack Mcbain in TAMPA BAY Lightning zone.
13:22 of 3rd period - Shot by Jack Mcbain.
13:22 of 3rd period - Shot Misses the Net.
14:22 of 3rd period - Quinn Hughes is hit by Evander Kane and loses puck.
14:43 of 3rd period - Shot by Kent Johnson.
14:43 of 3rd period - Stopped by Carter Hart without a rebound.
14:44 of 3rd period - Adam Henrique wins face-off versus Mason Marchment in TORONTO Maple Leafs zone.
14:47 of 3rd period - Shot by Adam Henrique.
14:47 of 3rd period - Stopped by Carter Hart with a rebound.
14:53 of 3rd period - Shot by Peter Cehlarik.
14:53 of 3rd period - Deflect By Kent Johnson.
14:53 of 3rd period - Shot Blocked by Mason Marchment.
14:55 of 3rd period - Shot by Kent Johnson.
14:55 of 3rd period - Stopped by Carter Hart without a rebound.
14:56 of 3rd period - Corey Perry wins face-off versus Jesperi Kotkaniemi in TORONTO Maple Leafs zone.
15:21 of 3rd period - Shot by Drew Doughty.
15:21 of 3rd period - Shot Misses the Net.
15:23 of 3rd period - Shot by Dominik Kahun.
15:23 of 3rd period - Stopped by Martin Jones with a rebound.
16:15 of 3rd period - Mason Marchment is hit by Oskar Sundqvist and loses puck.
16:28 of 3rd period - Shot by Rasmus Asplund.
16:28 of 3rd period - Stopped by Carter Hart without a rebound.
16:29 of 3rd period - Jordan Kyrou wins face-off versus Adam Henrique in TORONTO Maple Leafs zone.
16:33 of 3rd period - Quinn Hughes is hit by Kent Johnson.
17:00 of 3rd period - Icing by Kent Johnson.
17:01 of 3rd period - Adam Henrique wins face-off versus Jack Mcbain in TAMPA BAY Lightning zone.
17:13 of 3rd period - Minor Penalty to Kent Johnson for Holding.
17:14 of 3rd period - Alex Debrincat wins face-off versus Evgeny Kuznetsov in TAMPA BAY Lightning zone.
18:19 of 3rd period - Icing by Corey Perry.
18:20 of 3rd period - Oskar Sundqvist wins face-off versus Mason Marchment in TORONTO Maple Leafs zone.
18:27 of 3rd period - Shot by Oskar Sundqvist.
18:27 of 3rd period - Stopped by Carter Hart with a rebound.
18:29 of 3rd period - Shot by Anders Lee.
18:29 of 3rd period - Shot Misses the Net.
18:31 of 3rd period - Shot by Oskar Sundqvist.
18:31 of 3rd period - Stopped by Carter Hart without a rebound.
18:32 of 3rd period - Evgeny Kuznetsov wins face-off versus Mason Marchment in TORONTO Maple Leafs zone.
19:13 of 3rd period - Icing by Quinn Hughes.
19:14 of 3rd period - Jordan Kyrou wins face-off versus Adam Henrique in TORONTO Maple Leafs zone.
19:18 of 3rd period - Off-side.
19:19 of 3rd period - Jordan Kyrou wins face-off versus Oskar Sundqvist in neutral zone.
19:19 of 3rd period - Alex Debrincat is hit by Anders Lee and loses puck.
19:36 of 3rd period - Shot by Rasmus Asplund.
19:36 of 3rd period - Shot Misses the Net.
19:38 of 3rd period - Shot by Anders Lee.
19:38 of 3rd period - Shot Blocked by Alex Goligoski.
Goals for this period are 2 for TAMPA BAY Lightning vs 0 for TORONTO Maple Leafs.
Shots for this period are 26 for TAMPA BAY Lightning vs 7 for TORONTO Maple Leafs.